[Event "XVI Memorial Ezequiel Martin 2024"]
[Site "Mollet"]
[Date "2024.06.09"]
[Round "9.2"]
[White "Garriga Cazorla, Pere"]
[Black "Aloma Vidal, Robert"]
[Result "1-0"]
[ECO "A43"]
[WhiteElo "2471"]
[BlackElo "2428"]
[Annotator "TA"]
[PlyCount "120"]
[EventDate "2024.06.01"]
[EventType "swiss"]
[EventCountry "ESP"]
[SourceTitle "playchess.com"]
[Source "ChessBase"]
[SourceQuality "1"]
[TimeControl "900+5"]

1. d4 c5 2. d5 g6 3. e4 Bg7 4. Nc3 d6 5. Bb5+ Bd7 6. a4 Nf6 7. Nf3 O-O 8. Nd2 {[%emt 0:00:02] A43: Schmid Benoni.} Ne8 9. Be2 $146 ({Predecessor:} 9. O-O Nc7 10. Be2 Qe8 11. Nc4 b5 12. axb5 Bxb5 13. Nxb5 Qxb5 14. Nxd6 Qb6 15. Nc4 Qb7 {1-0 De Haan,E (2299)-Cawley,P (2070) Gibraltar Masters 13th 2015 (8)}) 9... Na6 10. O-O Nb4 11. Nc4 e6 12. Nb5 exd5 13. exd5 Bf5 14. Ne3 Bc8 15. c3 Na6 16. Nc4 Nac7 17. Bf4 Nxb5 18. axb5 g5 19. Be3 f5 20. f3 (20. f4 $16 g4 21. b6) 20... Nc7 21. Na5 Kh8 22. Qd2 h6 23. Rfe1 Qf6 (23... Rb8 $14) 24. Bf1 (24. f4 $16 g4 25. Bf2) 24... Qf7 (24... f4 $1 $14 25. Bf2 h5) 25. Rad1 Rb8 (25... f4 $142) 26. b4 cxb4 27. cxb4 Ra8 (27... Bd7 $16 {was worth a try.}) 28. Bd4 Ne8 29. Bxg7+ Qxg7 30. Rc1 f4 31. Qc3 (31. Re2 $16) 31... Rb8 (31... Qxc3 $1 $11 32. Rxc3 Nf6) 32. Re7 $16 Qxc3 33. Rxc3 g4 (33... Kg8 $16) 34. Bd3 gxf3 35. gxf3 Bf5 {[%emt 0:00:00] [#]} 36. Rxb7 ({Worse is} 36. Nxb7 Rg8+ 37. Kf2 Bxd3 38. Rxd3 Rg7 39. Rxg7 Kxg7 $15) (36. Be4 $1 $18 {is the precise move to win.}) 36... Rxb7 $16 37. Nxb7 Bxd3 38. Rxd3 Kg7 $2 (38... Rf7 $16 39. Nd8 Rd7) 39. Ra3 $18 Nc7 40. Nxd6 Nxd5 41. Rxa7+ Kf6 42. Kf2 Ke5 43. Nf7+ Kd4 44. Nxh6 Rh8 45. Ng4 Nxb4 (45... Kc4 {keeps fighting.} 46. b6 Nxb6) 46. b6 $18 Nd3+ 47. Ke2 Re8+ 48. Kd2 Nc5 49. Rf7 Ne6 $2 (49... Rb8 50. Rxf4+ Kd5 51. Rf5+ Kc6 52. Rf6+ Kb5) 50. b7 $18 Rb8 51. Nf6 $2 (51. Rd7+ Kc5 52. h4) 51... Ng5 $2 (51... Nc5 52. Ng4 Nxb7 53. Rxf4+ Kc5) 52. Rc7 $2 ({Not} 52. Rd7+ Ke5 $16) (52. Re7 $18) 52... Nxf3+ $16 53. Ke2 Ne5 $2 (53... Nxh2 $16 54. Rh7 Kc4) 54. Nd7 $18 Nxd7 55. Rxd7+ Ke4 56. Kf2 Rh8 57. h4 Ke5 58. Rc7 Rb8 59. h5 Kd6 60. Rg7 Kd5 1-0

[Event "XVI Memorial Ezequiel Martin 2024"]
[Site "Mollet"]
[Date "2024.06.09"]
[Round "9.3"]
[White "Valenzuela Gomez, Fernando"]
[Black "Ayats Llobera, Gerard"]
[Result "0-1"]
[ECO "B51"]
[WhiteElo "2358"]
[BlackElo "2466"]
[Annotator "TA"]
[PlyCount "50"]
[EventDate "2024.06.01"]
[EventType "swiss"]
[EventCountry "ESP"]
[SourceTitle "playchess.com"]
[Source "ChessBase"]
[SourceQuality "1"]
[TimeControl "900+5"]

1. e4 c5 2. Nf3 d6 3. Bb5+ Nc6 4. O-O Nf6 5. Re1 Bd7 6. c3 a6 7. Bf1 Bg4 8. d4 cxd4 9. cxd4 d5 10. e5 Ng8 11. e6 Bxe6 12. Rxe6 {[%emt 0:00:03] The position is equal.} fxe6 13. g3 {[%emt 0:01:15] Black must now prevent Bh3.} g6 14. Bh3 Bh6 15. Ng5 (15. Bg5 $11) 15... Bxg5 $17 16. Bxg5 Qb6 17. Nc3 Qxd4 18. Qe2 (18. Bxe6 $17 Qxd1+ 19. Rxd1) 18... Qe5 $19 {[%emt 0:00:29] Black is clearly better.} 19. Qd2 Nf6 20. Re1 Ne4 21. Nxe4 dxe4 22. Bf4 Qd5 23. Qc3 O-O {[%emt 0:01:54][%cal Oc6d4] Hoping for ...Nd4!} 24. Bg2 Qd3 25. Qc5 Nd4 {[%emt 0:00:05] Weighted Error Value: White=0.27 (precise) /Black=0.07 (flawless) .  Mistake:       	White=2     	---        Inaccurate:     	White=1     	Black=1      OK:         	White=3     	Black=7      Best:        	White=1     	Black=2} 0-1

[Event "XVI Memorial Ezequiel Martin 2024"]
[Site "Mollet"]
[Date "2024.06.09"]
[Round "9.4"]
[White "Uber Gracia, Hugo"]
[Black "Lazaro Pujol, Abel"]
[Result "0-1"]
[ECO "D32"]
[WhiteElo "2220"]
[BlackElo "2356"]
[Annotator "RC"]
[PlyCount "37"]
[EventDate "2024.06.01"]
[EventType "swiss"]
[EventCountry "ESP"]
[SourceTitle "playchess.com"]
[Source "ChessBase"]
[SourceQuality "1"]
[TimeControl "900+5"]

1. c4 e6 2. Nf3 d5 3. e3 Nf6 4. Nc3 c5 5. cxd5 exd5 6. d4 Nc6 7. Bb5 cxd4 8. Nxd4 Bd7 9. O-O Bd6 10. b3 O-O 11. Nf3 Bg4 12. Be2 Qa5 13. Bb2 Rad8 14. Nd4 Nxd4 15. Qxd4 Bc5 16. Qf4 d4 17. exd4 Rxd4 18. Qg3 Rd2 19. Rab1 0-1

[Event "XVI Memorial Ezequiel Martin 2024"]
[Site "Mollet"]
[Date "2024.06.09"]
[Round "9.5"]
[White "Ortega Serra, Marc"]
[Black "Masague Artero, Guerau"]
[Result "0-1"]
[ECO "E06"]
[WhiteElo "2292"]
[BlackElo "2345"]
[Annotator "RC"]
[PlyCount "114"]
[EventDate "2024.06.01"]
[EventType "swiss"]
[EventCountry "ESP"]
[SourceTitle "playchess.com"]
[Source "ChessBase"]
[SourceQuality "1"]
[TimeControl "900+5"]

1. d4 Nf6 2. Nf3 e6 3. g3 d5 4. Bg2 Be7 5. O-O O-O 6. c4 a5 7. Qc2 c6 8. Nbd2 b6 9. e4 Bb7 10. e5 Nfd7 11. h4 Na6 12. a3 Rc8 13. cxd5 cxd5 14. Qd3 Nab8 15. Qe3 Qc7 16. Re1 Ba6 17. Ng5 Qc2 18. Bh3 Rc6 19. Qf3 h6 20. Nge4 dxe4 21. Nxe4 Bd3 22. Nc3 Bc4 23. Qg4 Qg6 24. Qf4 f6 25. exf6 Nxf6 26. Bg2 Ng4 27. Qe4 Qxe4 28. Nxe4 Bd5 29. Bf4 Nd7 30. Bf1 Rc2 31. Nc3 Bb3 32. Bd3 Rxb2 33. Reb1 Rxb1+ 34. Rxb1 Bd5 35. Nxd5 exd5 36. Bb5 Ngf6 37. a4 Rc8 38. Re1 Bb4 39. Re2 Kf7 40. g4 Nf8 41. g5 hxg5 42. hxg5 Ne4 43. f3 Nc3 44. Rc2 Ne6 45. Be3 Rc7 46. Bd3 Nd1 47. Rxc7+ Nxc7 48. Bf4 Ne6 49. Be5 Bc3 50. f4 Bxd4+ 51. Bxd4 Nxd4 52. Kg2 Nc3 53. f5 Nxa4 54. Kg3 Nc5 55. Bb1 Ne2+ 56. Kg4 Nc3 57. Bc2 d4 0-1

[Event "XVI Memorial Ezequiel Martin 2024"]
[Site "Mollet"]
[Date "2024.06.09"]
[Round "9.6"]
[White "Diaz Camallonga, Carles"]
[Black "Mompel Ferruz, Xavier"]
[Result "1-0"]
[ECO "E06"]
[WhiteElo "2478"]
[BlackElo "2279"]
[Annotator "TA"]
[PlyCount "67"]
[EventDate "2024.06.01"]
[EventType "swiss"]
[EventCountry "ESP"]
[SourceTitle "playchess.com"]
[Source "ChessBase"]
[SourceQuality "1"]
[TimeControl "900+5"]

1. Nf3 d5 2. d4 Nf6 3. c4 e6 4. g3 Be7 5. Bg2 O-O 6. Qc2 a6 7. Nbd2 Nbd7 8. O-O c5 9. dxc5 {[%emt 0:00:10] White is slightly better.} Nxc5 10. b3 d4 (10... b5 $11 {remains equal.}) 11. Ba3 $16 {[%emt 0:00:38] White stays focused until the end.} Qa5 12. Bb2 e5 (12... Bd7 $16 {was necessary.} 13. a3 (13. Bxd4 Bc6 $16) (13. Nxd4 Qb6 $16) 13... Bc6 14. Nxd4 (14. Bxd4 Ncd7 $16) 14... Bxg2 15. Kxg2 Ncd7) 13. Nxe5 $18 Rd8 14. Ndf3 Ne6 15. Rfd1 Qb6 16. Rac1 a5 17. Rb1 Bc5 18. Ne1 (18. Nd3 $18) 18... Rb8 (18... Ng5 $16 {was called for.} 19. Qd2 h6) 19. N1d3 Bd7 20. Nxc5 Qxc5 21. Nd3 Qc7 22. e3 dxe3 (22... Bc6 $16 {might work better.}) 23. Be5 {[%emt 0:00:00] This pair of bishops is nice.} ({But not} 23. fxe3 Qb6) 23... Qb6 24. Bxb8 Rxb8 25. c5 exf2+ 26. Qxf2 Qc7 27. Qe2 Nxc5 (27... Rd8 $142 28. Ne5 (28. Qe5 Qc8 $18) 28... Nxc5) 28. Qe5 Qxe5 29. Nxe5 {[%emt 0:00:00] [#] aiming for Rbc1.} Bf5 30. Rbc1 b6 31. Nc4 a4 (31... Ncd7 $16 32. Nd6 Bg4) 32. Nxb6 axb3 (32... Nd3 {keeps fighting.}) 33. Rxc5 Bc2 34. Re1 {[%emt 0:00:00] Weighted Error Value: White=0.19 (very precise) /Black=0.39.  Mistake:       	White=1     	Black=7      Inaccurate:     	White=3     	Black=1      OK:         	White=11    	Black=6      Best:        	White=2     	---} 1-0